 Dungeon Crawl Stone Soup version 0.25-a0-160-gd1d2e81aba (webtiles) character file.

Game seed: 14167019950550689974, levelgen mode: deterministic

27 Gargoyl the Skirmisher (level 2, 0/27 HPs)
             Began as a Centaur Abyssal Knight on Nov 21, 2019.
             Was a Follower of Lugonu.
             Slain by a thrashing horror (3 damage)
             ... on level 3 of the Abyss.
             The game lasted 00:00:36 (175 turns).

Gargoyl the Skirmisher (Centaur Abyssal Knight)      Turns: 175, Time: 00:00:37

Health: 0/27       AC:  4    Str: 14    XL:     2   Next: 93%
Magic:  3/3        EV:  9    Int: 11    God:    Lugonu [*.....]
Gold:   90         SH:  0    Dex:  8    Spells: 1/1 levels left

rFire    . . .     SeeInvis .   e - +1 whip (holy)
rCold    . . .     Gourm    .   (no shield)
rNeg     . . .     Faith    .   b - +0 leather armour
rPois    .         Spirit   .   (no helmet)
rElec    .         Reflect  .   (no cloak)
rCorr    .         Harm     .   (no gloves)
MR       .....                  (no barding)
Stlth    ..........             (no amulet)
HPRegen  0.09/turn              (no ring)
MPRegen  0.08/turn              (no ring)

@: very quick
A: large, hooves 3, deformed body, speed 2, tough skin 3
a: Depart the Abyss, Renounce Religion


You were on level 3 of the Abyss.
You worshipped Lugonu.
Lugonu was aware of your devotion.
You were not hungry.

You visited 0 branches of the dungeon, and saw 0 of its levels.
You visited the Abyss 1 time.

You collected 90 gold pieces.

Inventory:

Hand Weapons
 a - a +1 hand axe
 e - a +1 whip of holy wrath (weapon)
Armour
 b - a +0 leather armour (worn)
Scrolls
 d - a scroll of teleportation {unknown}
Comestibles
 c - a ration


   Skills:
 + Level 3.6 Fighting
 + Level 2.0 Axes
 + Level 1.6 Armour
 + Level 0.6 Dodging
 + Level 2.2 Invocations
   Level 0.1 Evocations


You had one spell level left.
You didn't know any spells.
Your spell library was empty.

Dungeon Overview and Level Annotations

Branches:
Dungeon (0/15)

Altars:


Innate Abilities, Weirdness & Mutations

You have hooves in place of feet.
Armour fits poorly on your strangely shaped body.
You cover ground very quickly.
You have extremely tough skin. (AC +3)


Message History

There is a corrupted altar of Lugonu here.
d - a scroll labeled NIARHYT COROH A thrashing horror comes into view.
The thrashing horror roars!
A thrashing horror comes into view.
The thrashing horror moves out of view.
A thrashing horror is nearby!
You hit the thrashing horror. Your kick misses the thrashing horror.
The thrashing horror is lightly damaged.
The thrashing horror tramples you.
You hold your ground!
The thrashing horror tramples you.
You hold your ground!
The thrashing horror tramples you!
* * * LOW HITPOINT WARNING * * *
You hold your ground!
The thrashing horror barely misses you.
You hit the thrashing horror.
The thrashing horror is lightly damaged.
The thrashing horror tramples you.
* * * LOW HITPOINT WARNING * * *
You hold your ground!
The thrashing horror tramples you.
You die...

#. ## .... . . # .. ##
...# ... #### # ## ##.#
..###. .###... . .
#.....#... # #
..............### ## ..
...#.....#.....@###.##.#.
...## .. ##....#X#.#.....
. # ##.## ##.###.#...# .
.# ... ##..##.#..###.. .
##..#.....#. .##.##.....#
#.. ...... . ####.####.#
.#.....# ..# ## #..##
...###..# .# # .# ##.#


You could see a thrashing horror.

Vanquished Creatures
  An iron imp (Abyss:3)
1 creature vanquished.

Notes
Turn   | Place    | Note
-------+----------+-------------------------------------------
     0 | Abyss:1  | Gargoyl the Centaur Abyssal Knight began the quest for the
                  | Orb.
     0 | Abyss:1  | Reached XP level 1. HP: 19/19 MP: 2/2
    30 | Abyss:2  | Noticed a hippogriff
    85 | Abyss:3  | Noticed an iron imp
    89 | Abyss:3  | Killed an iron imp
    89 | Abyss:3  | Reached XP level 2. HP: 19/27 MP: 3/3
   100 | Abyss:3  | Noticed a wretched star
   110 | Abyss:3  | Found a corrupted altar of Lugonu.
   156 | Abyss:3  | Found a corrupted altar of Lugonu.
   169 | Abyss:3  | Noticed a thrashing horror
   169 | Abyss:3  | Noticed a thrashing horror
   175 | Abyss:3  | Slain by a thrashing horror

Levels and vault maps discovered:
Abyss:3:  lemuel_flamethrower_2

Skill      XL: |  1 |
---------------+----+-----
Axes           | 2 |  2.0
Fighting       | |  3.6
Armour         | |  1.6
Dodging        | |  0.6
Invocations    | |  2.2
Evocations     | |  0.1

Action                   || total
-------------------------++-------
Melee: Whip              ||     2
Evoke: Wand              ||     4
  Use: Scroll            ||     1
Dodge: Dodged            ||     1

Table legend:
 A = Non-vault XP
 B = Vault XP
 C = Vault XP percentage of total XP
 D = Non-vault monster count
 E = Vault monster count
 F = Vault count percentage of total count
                 A         B        C        D         E       F
            +---------+---------+-------+---------+---------+-------
      Total |      39 |       0 |   0.0 |       1 |       0 |   0.0
            +---------+---------+-------+---------+---------+-------
    Abyss:3 |      39 |       0 |   0.0 |       1 |       0 |   0.0
            +---------+---------+-------+---------+---------+-------
